 Dungeon Crawl Stone Soup version 0.29-a0-892-g2c4c91d9db (webtiles) character file.

Game seed: 9266722491438921465

11 IdlyInterested the Ducker (level 2, 0/21 HPs)
             Began as a Demonspawn Wanderer on July 22, 2022.
             Slain by a gnoll
             ... wielding a +0 spear
              (1 damage)
             ... on level 1 of the Dungeon.
             The game lasted 00:01:51 (268 turns).

IdlyInterested the Ducker (Demonspawn Wanderer)      Turns: 268, Time: 00:01:52

Health: 0/21       AC:  3    Str:  9    XL:     2   Next: 17%
Magic:  3/3        EV: 12    Int: 13    God:
Gold:   0          SH:  0    Dex: 15    Spells: 3/3 levels left

rFire   . . .      SeeInvis .   a - +0 sling
rCold   . . .      Faith    .   (no shield)
rNeg    . . .      Spirit   .   c - +0 leather armour
rPois   .          Reflect  .   (no helmet)
rElec   .          Harm     .   (no cloak)
rCorr   .          Rampage  .   (no gloves)
Will    .....                   (no boots)
Stlth   +.........              (no amulet)
HPRegen 0.07/turn               (no ring)
MPRegen 0.08/turn               (no ring)

@: no status effects
A: powered by death 1
a: no special abilities


You were on level 1 of the Dungeon.
You visited 1 branch of the dungeon, and saw 1 of its levels.

Inventory:

Hand Weapons
 a - a +0 sling (weapon)
 e - a +0 dagger
Missiles
 b - 2 throwing nets
 d - 11 poisoned darts
Armour
 c - a +0 leather armour (worn)
Scrolls
 g - a scroll of amnesia {unknown}
Potions
 f - a potion of heal wounds


   Skills:
 * Level 1.2 Fighting
 - Level 1.0 Ranged Weapons
 - Level 2.0 Throwing
 - Level 1.7 Armour
 + Level 2.8 Dodging
 - Level 1.0 Spellcasting
 + Level 1.1 Evocations


You had 3 spell levels left.
You didn't know any spells.
Your spell library was empty.

Dungeon Overview and Level Annotations

Branches:
Dungeon (1/15)

Altars:


Innate Abilities, Weirdness & Mutations

You regenerate a little health from kills.


Message History

You shoot a sling bullet. The sling bullet hits the ball python.
You kill the ball python!
The ball python closely misses you. x2
Fire: a) +0 sling
Press: ? - help, Q - select action, (/) - cycle Shift-Dir - straight line, f - ball python
Aim: a ball python (50% to hit)
You shoot a sling bullet.
The sling bullet closely misses the ball python.
The ball python bites you but does no damage.
The ball python closely misses you.
The gnoll hits you from afar with a +0 spear.
The ball python bites you. The ball python closely misses you.
The gnoll hits you from afar with a +0 spear.
Fire: a) +0 sling
Press: ? - help, Q - select action, (/) - cycle Shift-Dir - straight line, f/p - ball python
Aim: a ball python (50% to hit)
You shoot a sling bullet. The sling bullet hits the ball python!
You kill the ball python!
The gnoll misses you.
Fire: a) +0 sling
Press: ? - help, Q - select action, (/) - cycle Shift-Dir - straight line, f - gnoll
Aim: a gnoll, wielding a +0 spear (58% to hit)
You shoot a sling bullet. The sling bullet hits the gnoll!
The gnoll is heavily wounded.
The gnoll hits you from afar with a +0 spear.
Fire: a) +0 sling
Press: ? - help, Q - select action, (/) - cycle Shift-Dir - straight line, f/p - gnoll
Aim: a gnoll, wielding a +0 spear (heavily wounded, 58% to hit)
You shoot a sling bullet. The sling bullet hits the gnoll.
The gnoll is heavily wounded.
The gnoll hits you from afar with a +0 spear.
The gnoll hits you from afar with a +0 spear!
* * * LOW HITPOINT WARNING * * *
Fire: a) +0 sling
Press: ? - help, Q - select action, (/) - cycle Shift-Dir - straight line, f/p - gnoll
Aim: a gnoll, wielding a +0 spear (heavily wounded, 58% to hit)
You shoot a sling bullet. The sling bullet hits the gnoll.
The gnoll is almost dead.
The gnoll hits you from afar with a +0 spear.
You die...

#.. #.. #.. #..
Kw ###g###
#..†..# #@.# #
... #..##+#### #
.....# ##.#......
# ....#
###........ #
#.... #..........
#
#.#.###)##...####
#######
#.......###..#
......#
#............#
......#
#..#........>#


You could see a gnoll, a dart slug and a kobold.

Vanquished Creatures
  A dart slug (D:1)
  2 ball pythons (D:1)
  A goblin (D:1)
  A hobgoblin (D:1)
  A kobold (D:1)
  A quokka (D:1)
  A bat (D:1)
8 creatures vanquished.

Notes
Turn   | Place    | Note
-------+----------+-------------------------------------------
     0 | D:1      | IdlyInterested the Demonspawn Wanderer began the quest for
                  | the Orb.
     0 | D:1      | IdlyInterested set off with the following items: a +0
                  | sling, 2 throwing nets, a +0 leather armour, 11 poisoned
                  | darts, a +0 dagger, a potion of heal wounds.
     0 | D:1      | Reached XP level 1. HP: 13/13 MP: 2/2
    52 | D:1      | Reached skill level 1 in Fighting
   261 | D:1      | Gained mutation: You regenerate a little health from kills.
                  | [demonic ancestry]
   261 | D:1      | Reached XP level 2. HP: 21/21 MP: 3/3
   267 | D:1      | HP: 1/21 [gnoll/+0 spear (7)]
   268 | D:1      | Slain by a gnoll

Illustrated notes

Levels and vault maps discovered:
D:1:      minmay_arrival_semitransparent, layout_basic, minmay_octomino_j4

Skill      XL: |  1 |
---------------+----+-----
Fighting       | 1 |  1.2
Throwing       | 2 |  2.0
Ranged Weapons | |  1.0
Armour         | |  1.7
Dodging        | |  2.8
Spellcasting   | |  1.0
Evocations     | |  1.1

Action                   || total
-------------------------++-------
 Fire: Sling             ||    23
Armor: Leather armour    ||     3
Dodge: Dodged            ||    15

Table legend: (Time is in decaauts)
 A = Elapsed time spent in this place.
 B = Non-inter-level travel time spent in this place.
 C = Inter-level travel time spent in this place.
 D = Time resting spent in this place.
 E = Time spent auto-exploring this place.
 F = Levels seen in this place.
 G = Mean time per level.
                   A        B        C        D        E       F      G
               +--------+--------+--------+--------+--------+-----+--------+
         Total |    277 |    277 |      0 |    201 |     30 |   1 |  277.0 |
       Dungeon |    277 |    277 |      0 |    201 |     30 |   1 |  277.0 |
               +--------+--------+--------+--------+--------+-----+--------+

Top non-repeatable levels by time:
     D:1: 277 daAuts
